General information
- name: BNet
- type: Ladder team game (AT/RT)
- host: Battle.net
- saver: ColonPounder
map: Deadlock
- players: 8
- length: 44:17
- speed: Fast
- version: 1.26 W3XP
- replay type: Public
» download(287 KB)
Players
team 1 (loser)
yagsimolals (
red | 120 APM | 4839 actions | 40:21)
7 Blademaster
3 Wind Walk
3 Critical Strike
1 Bladestorm
4 Shadow Hunter
2 Hex
2 Healing Wave
» actions
| Assign group hotkey | 425 | |
| Basic commands | 48 | |
| Build / train | 85 | |
| Enter build submenu | 42 | |
| Enter hero's abilities submenu | 11 | |
| Give item / drop item | 2 | |
| Remove unit from queue | 1 | |
| Right click | 2232 | |
| Select / deselect | 512 | |
| Select group hotkey | 1279 | |
| Use ability | 202 | |
4839 total
» units
| Peon | 15 | |
| Grunt | 5 | |
| Raider | 7 | |
| Tauren | 3 | |
| Troll Headhunter/Berserker | 6 | |
36 total
» upgrades
| Melee Weapons | 2 | |
| Armor | 2 | |
| Ensnare | 1 | |
| Berserker Strength | 1 | |
| Pillage | 1 | |
| Pulverize | 1 | |
| Ranged Weapons | 3 | |
| Berserker Upgrade | 1 | |
12 total
» buildings
| Altar of Storms | 1 | |
| Orc Burrow | 7 | |
| Voodoo Lounge | 4 | |
| Barracks | 2 | |
| War Mill | 1 | |
| Stronghold | 1 | |
| Watch Tower | 17 | |
| Fortress | 1 | |
| Beastiary | 2 | |
| Great Hall | 3 | |
| Tauren Totem | 2 | |
| Spirit Lodge | 2 | |
43 total
» build order
00:09 Altar of Storms
00:20 Orc Burrow
00:50 Voodoo Lounge
01:23 Orc Burrow
01:47 Barracks
02:42 War Mill
04:43 Stronghold
05:45 Orc Burrow
06:55 Watch Tower
07:12 Orc Burrow
08:07 Fortress
08:11 Beastiary
08:13 Beastiary
09:52 Orc Burrow
11:01 Great Hall
11:33 Watch Tower
12:55 Tauren Totem
12:58 Tauren Totem
14:28 Orc Burrow
18:44 Watch Tower
18:46 Watch Tower
18:48 Watch Tower
18:50 Watch Tower
19:47 Watch Tower
19:48 Watch Tower
19:54 Watch Tower
19:56 Watch Tower
19:58 Watch Tower
20:21 Voodoo Lounge
21:12 Great Hall
21:43 Voodoo Lounge
22:33 Orc Burrow
30:41 Voodoo Lounge
31:06 Great Hall
32:02 Watch Tower
32:03 Watch Tower
32:05 Watch Tower
32:53 Barracks
34:19 Watch Tower
34:21 Watch Tower
34:24 Watch Tower
39:55 Spirit Lodge
39:57 Spirit Lodge
» items
| Healing Salve | 6 | |
| Lesser Clarity Potion | 3 | |
| Circlet of Nobility | 2 | |
| Boots of Speed | 2 | |
| Orb of Lightning | 1 | |
| Scroll of Speed | 1 | |
| Scroll of Town Portal | 3 | |
| Potion of Lesser Invulnerability | 2 | |
20 total
Teleforestix (
green | 32 APM | 1421 actions | 43:47)
6 Death Knight
3 Death Coil
2 Unholy Aura
1 Animate Dead
» actions
| Assign group hotkey | 16 | |
| Build / train | 50 | |
| Enter build submenu | 15 | |
| Enter hero's abilities submenu | 6 | |
| Remove unit from queue | 6 | |
| Right click | 669 | |
| Select / deselect | 202 | |
| Select group hotkey | 408 | |
| Use ability | 49 | |
1421 total
» units
| Acolyte | 12 | |
| Ghoul | 4 | |
| Crypt Fiend | 3 | |
| Frost Wyrm | 7 | |
26 total
» upgrades
| Web | 1 | |
| Creature Attack | 3 | |
| Creature Carapace | 1 | |
5 total
» buildings
| Ziggurat | 7 | |
| Crypt | 1 | |
| Graveyard | 1 | |
| Altar of Darkness | 1 | |
| Nerubian Tower | 1 | |
| Halls of the Dead | 1 | |
| Black Citadel | 1 | |
| Sacrificial Pit | 1 | |
| Tomb of Relics | 1 | |
| Boneyard | 2 | |
17 total
» build order
00:18 Ziggurat
00:23 Crypt
00:51 Graveyard
01:04 Altar of Darkness
01:54 Nerubian Tower
02:20 Ziggurat
03:05 Halls of the Dead
05:29 Black Citadel
06:06 Sacrificial Pit
06:22 Black Citadel
07:25 Tomb of Relics
07:31 Ziggurat
07:35 Ziggurat
09:22 Boneyard
09:31 Boneyard
11:54 Ziggurat
13:45 Ziggurat
16:18 Ziggurat
» items
| Scroll of Healing | 1 | |
| Potion of Healing | 2 | |
3 total

»
samiam (
blue | 21 APM | 924 actions | 44:14)
5 Pandaren Brewmaster
2 Drunken Haze
3 Breath of Fire
3 Crypt Lord
1 Impale
1 Carrion Beetles
1 Spiked Carapace
» actions
| Basic commands | 15 | |
| Build / train | 87 | |
| Enter build submenu | 23 | |
| Enter hero's abilities submenu | 8 | |
| Give item / drop item | 1 | |
| Right click | 414 | |
| Select / deselect | 308 | |
| Use ability | 68 | |
924 total
» units
| Acolyte | 15 | |
| Ghoul | 7 | |
| Crypt Fiend | 17 | |
39 total
» upgrades
| Creature Attack | 2 | |
| Web | 1 | |
| Creature Carapace | 2 | |
5 total
» buildings
| Ziggurat | 12 | |
| Altar of Darkness | 1 | |
| Crypt | 2 | |
| Graveyard | 1 | |
| Necropolis | 3 | |
| Halls of the Dead | 1 | |
| Spirit Tower | 9 | |
| Nerubian Tower | 1 | |
| Sacrificial Pit | 1 | |
| Tomb of Relics | 1 | |
| Black Citadel | 1 | |
33 total
» build order
00:14 Ziggurat
00:22 Altar of Darkness
00:27 Crypt
01:11 Ziggurat
02:02 Graveyard
05:01 Necropolis
05:26 Halls of the Dead
05:38 Ziggurat
05:43 Spirit Tower
06:04 Ziggurat
06:47 Nerubian Tower
08:21 Sacrificial Pit
09:13 Crypt
13:58 Ziggurat
14:02 Ziggurat
14:07 Ziggurat
14:24 Tomb of Relics
17:25 Black Citadel
17:30 Spirit Tower
17:31 Spirit Tower
17:33 Spirit Tower
17:36 Spirit Tower
20:45 Necropolis
20:50 Ziggurat
20:54 Ziggurat
21:29 Ziggurat
21:32 Ziggurat
21:35 Ziggurat
22:26 Spirit Tower
22:29 Spirit Tower
23:26 Spirit Tower
23:27 Spirit Tower
28:16 Necropolis
» items
| Healing Salve | 1 | |
| Lesser Clarity Potion | 2 | |
| Scroll of Speed | 1 | |
| Staff of Teleportation | 2 | |
| Potion of Lesser Invulnerability | 2 | |
| Potion of Mana | 3 | |
| Scroll of Town Portal | 8 | |
| Orb of Lightning | 1 | |
| Tiny Great Hall | 1 | |
21 total
gamelord101 (
teal | 15 APM | 679 actions | 44:06)
4 Blood Mage
2 Flame Strike
2 Banish
» actions
| Basic commands | 2 | |
| Build / train | 134 | |
| Enter build submenu | 57 | |
| Enter hero's abilities submenu | 4 | |
| Right click | 150 | |
| Select / deselect | 267 | |
| Use ability | 65 | |
679 total
» units
| Peasant | 14 | |
| Footman | 12 | |
| Rifleman | 5 | |
| Razormane Medicine Man | 1 | |
| Flying Machine | 21 | |
| Gryphon Rider | 25 | |
| Knight | 5 | |
| Priest | 5 | |
88 total
» upgrades
| Lumber Harvesting | 1 | |
| Swords | 3 | |
| Gunpowder | 4 | |
| Storm Hammers | 1 | |
| Flak Cannons | 1 | |
| Flying Machine Bombs | 1 | |
| Armor | 3 | |
| Priest Training | 1 | |
| Plating | 2 | |
17 total
» buildings
| Altar of Kings | 1 | |
| Lumber Mill | 1 | |
| Barracks | 1 | |
| Farm | 14 | |
| Scout Tower | 28 | |
| Blacksmith | 1 | |
| Keep | 1 | |
| Town Hall | 2 | |
| Guard Tower | 17 | |
| Gryphon Aviary | 1 | |
| Castle | 1 | |
| Workshop | 1 | |
| Cannon Tower | 2 | |
| Arcane Tower | 3 | |
| Arcane Sanctum | 1 | |
75 total
» build order
00:13 Altar of Kings
00:21 Lumber Mill
00:46 Barracks
01:01 Farm
01:35 Farm
01:58 Farm
02:11 Farm
02:21 Scout Tower
02:34 Scout Tower
03:04 Scout Tower
03:08 Farm
03:13 Scout Tower
03:39 Scout Tower
03:44 Scout Tower
03:50 Scout Tower
03:56 Farm
04:28 Blacksmith
04:56 Farm
05:02 Farm
06:16 Farm
06:24 Keep
07:06 Farm
08:09 Town Hall
08:16 Scout Tower
08:23 Guard Tower
08:34 Farm
08:52 Guard Tower
09:00 Scout Tower
09:19 Guard Tower
09:30 Scout Tower
09:41 Farm
09:50 Guard Tower
10:04 Scout Tower
10:17 Guard Tower
10:28 Farm
10:39 Guard Tower
10:52 Scout Tower
10:57 Scout Tower
11:04 Scout Tower
11:23 Guard Tower
11:37 Guard Tower
12:17 Guard Tower
12:19 Guard Tower
12:32 Guard Tower
12:34 Guard Tower
13:12 Gryphon Aviary
16:03 Castle
16:53 Workshop
17:42 Scout Tower
17:51 Scout Tower
17:57 Scout Tower
18:02 Scout Tower
18:27 Cannon Tower
18:29 Guard Tower
19:36 Scout Tower
19:39 Scout Tower
19:43 Scout Tower
19:49 Cannon Tower
20:20 Scout Tower
20:30 Scout Tower
20:36 Scout Tower
20:41 Scout Tower
20:48 Scout Tower
22:16 Guard Tower
22:20 Arcane Tower
22:36 Arcane Tower
22:39 Guard Tower
24:34 Guard Tower
24:37 Guard Tower
24:41 Arcane Tower
28:10 Arcane Sanctum
33:19 Town Hall
34:25 Farm
36:25 Scout Tower
37:57 Scout Tower
team 2 (winner)
ColonPounder (
purple | 69 APM | 3055 actions | 44:17)
8 Blood Mage
3 Flame Strike
3 Banish
1 Summon Phoenix
1 Siphon Mana
» actions
| Assign group hotkey | 50 | |
| Basic commands | 22 | |
| Build / train | 115 | |
| ESC pressed | 3 | |
| Enter build submenu | 31 | |
| Enter hero's abilities submenu | 8 | |
| Give item / drop item | 5 | |
| Remove unit from queue | 4 | |
| Right click | 1483 | |
| Select / deselect | 596 | |
| Select group hotkey | 632 | |
| Use ability | 106 | |
3055 total
» units
| Peasant | 15 | |
| Footman | 8 | |
| Gryphon Rider | 7 | |
| Dragonhawk Rider | 6 | |
| Knight | 4 | |
40 total
» upgrades
| Defend | 1 | |
| Masonry | 3 | |
| Swords | 3 | |
| Lumber Harvesting | 2 | |
| Animal War Training | 1 | |
| Armor | 3 | |
| Storm Hammers | 1 | |
| Cloud | 1 | |
| Magic Sentry | 1 | |
| Plating | 3 | |
| Gunpowder | 1 | |
| Sorceress Training | 1 | |
| Backpack | 1 | |
22 total
» buildings
| Altar of Kings | 1 | |
| Farm | 10 | |
| Barracks | 1 | |
| Scout Tower | 8 | |
| Arcane Tower | 1 | |
| Arcane Vault | 1 | |
| Keep | 1 | |
| Lumber Mill | 1 | |
| Blacksmith | 1 | |
| Castle | 3 | |
| Gryphon Aviary | 2 | |
| Town Hall | 3 | |
| Arcane Sanctum | 1 | |
| Guard Tower | 7 | |
41 total
» build order
00:03 Altar of Kings
00:08 Farm
00:14 Barracks
00:57 Scout Tower
01:26 Farm
01:32 Arcane Tower
02:12 Farm
02:46 Arcane Vault
03:20 Farm
04:26 Keep
05:02 Farm
05:31 Lumber Mill
05:50 Blacksmith
07:36 Castle
07:36 Castle
07:52 Gryphon Aviary
08:05 Gryphon Aviary
10:43 Farm
12:18 Town Hall
13:41 Scout Tower
16:26 Farm
16:50 Farm
20:09 Town Hall
20:36 Farm
24:02 Scout Tower
24:04 Scout Tower
24:05 Scout Tower
24:37 Arcane Sanctum
24:57 Guard Tower
24:57 Guard Tower
25:38 Guard Tower
25:48 Town Hall
28:47 Guard Tower
35:29 Scout Tower
36:03 Guard Tower
39:07 Scout Tower
39:09 Scout Tower
39:19 Farm
43:29 Guard Tower
» items
| Boots of Speed | 1 | |
| Staff of Teleportation | 1 | |
| Periapt of Vitality | 1 | |
| Potion of Invisibility | 5 | |
| Scroll of Regeneration | 4 | |
| Lesser Clarity Potion | 5 | |
| Dust of Appearance | 1 | |
| Orb of Lightning | 1 | |
| Potion of Healing | 2 | |
| Potion of Mana | 1 | |
| Scroll of Town Portal | 2 | |
24 total
ud-warrior. (
pink | 38 APM | 1664 actions | 44:15)
5 Shadow Hunter
3 Healing Wave
2 Hex
» actions
| Assign group hotkey | 39 | |
| Build / train | 46 | |
| Enter build submenu | 22 | |
| Enter hero's abilities submenu | 5 | |
| Give item / drop item | 1 | |
| Right click | 599 | |
| Select / deselect | 303 | |
| Select group hotkey | 576 | |
| Use ability | 73 | |
1664 total
» units
» upgrades
| Melee Weapons | 2 | |
| Armor | 2 | |
| Ensnare | 1 | |
| Reinforced Defenses | 1 | |
| Envenomed Spears | 1 | |
7 total
» buildings
| Altar of Storms | 1 | |
| Orc Burrow | 6 | |
| Stronghold | 2 | |
| War Mill | 2 | |
| Beastiary | 2 | |
| Watch Tower | 20 | |
| Fortress | 1 | |
34 total
» build order
00:12 Altar of Storms
00:22 Orc Burrow
02:29 Orc Burrow
02:32 Orc Burrow
02:58 Orc Burrow
02:59 Orc Burrow
03:02 Stronghold
03:03 Stronghold
03:22 War Mill
05:40 Beastiary
05:42 Beastiary
05:51 Watch Tower
05:51 Watch Tower
05:52 Watch Tower
05:58 Watch Tower
06:48 Watch Tower
07:40 Orc Burrow
07:45 Fortress
08:14 Watch Tower
09:20 Watch Tower
10:30 Watch Tower
10:30 Watch Tower
11:38 Watch Tower
11:39 Watch Tower
11:39 Watch Tower
13:39 Watch Tower
13:42 Watch Tower
13:45 Watch Tower
16:16 War Mill
22:19 Watch Tower
22:20 Watch Tower
22:21 Watch Tower
22:23 Watch Tower
22:25 Watch Tower
» items
| Lesser Clarity Potion | 3 | |
| Potion of Mana | 2 | |
| Dust of Appearance | 1 | |
| Potion of Lesser Invulnerability | 2 | |
| Staff of Teleportation | 1 | |
| Potion of Healing | 1 | |
10 total
rewssddff (
yellow | 48 APM | 2138 actions | 44:15)
5 Mountain King
1 Thunder Clap
3 Storm Bolt
1 Bash
4 Paladin
1 Holy Light
1 Divine Shield
2 Devotion Aura
2 Archmage
1 Summon Water Elemental
1 Brilliance Aura
» actions
| Basic commands | 2 | |
| Build / train | 220 | |
| Enter build submenu | 107 | |
| Enter hero's abilities submenu | 11 | |
| Give item / drop item | 8 | |
| Remove unit from queue | 4 | |
| Right click | 590 | |
| Select / deselect | 1018 | |
| Use ability | 178 | |
2138 total
» units
| Peasant | 56 | |
| Mortar Team | 7 | |
| Siege Engine | 4 | |
| Flying Machine | 21 | |
| Knight | 3 | |
| Dragonhawk Rider | 4 | |
| Gryphon Rider | 3 | |
98 total
» upgrades
| Masonry | 3 | |
| Lumber Harvesting | 2 | |
| Gunpowder | 3 | |
| Armor | 3 | |
| Plating | 4 | |
| Fragmentation Shards | 1 | |
| Flare | 1 | |
| Flak Cannons | 1 | |
| Flying Machine Bombs | 1 | |
| Barrage | 1 | |
| Sorceress Training | 2 | |
| Swords | 3 | |
| Animal War Training | 1 | |
| Cloud | 1 | |
| Storm Hammers | 1 | |
28 total
» buildings
| Farm | 13 | |
| Scout Tower | 61 | |
| Altar of Kings | 1 | |
| Arcane Tower | 8 | |
| Arcane Vault | 2 | |
| Lumber Mill | 5 | |
| Guard Tower | 31 | |
| Town Hall | 8 | |
| Keep | 1 | |
| Blacksmith | 1 | |
| Castle | 1 | |
| Workshop | 4 | |
| Arcane Sanctum | 1 | |
| Cannon Tower | 4 | |
| Barracks | 1 | |
| Gryphon Aviary | 3 | |
145 total
» build order
02:35 Farm
02:38 Farm
02:50 Farm
02:51 Scout Tower
02:53 Scout Tower
02:54 Scout Tower
02:57 Altar of Kings
03:06 Farm
03:25 Arcane Tower
03:45 Arcane Vault
03:50 Lumber Mill
04:13 Guard Tower
04:48 Scout Tower
05:24 Guard Tower
06:10 Town Hall
06:20 Scout Tower
06:23 Scout Tower
06:25 Scout Tower
06:53 Keep
07:12 Arcane Tower
07:14 Guard Tower
07:33 Town Hall
07:54 Scout Tower
07:56 Scout Tower
07:57 Scout Tower
08:17 Farm
08:22 Arcane Tower
08:24 Guard Tower
08:49 Scout Tower
08:51 Scout Tower
08:52 Scout Tower
08:53 Scout Tower
09:04 Farm
09:05 Farm
09:20 Scout Tower
09:21 Scout Tower
09:23 Scout Tower
09:24 Guard Tower
09:31 Scout Tower
09:43 Arcane Tower
09:47 Farm
09:48 Guard Tower
09:54 Scout Tower
10:00 Guard Tower
10:09 Scout Tower
10:19 Scout Tower
10:28 Guard Tower
10:34 Guard Tower
10:42 Scout Tower
10:43 Guard Tower
10:51 Scout Tower
10:52 Guard Tower
10:59 Blacksmith
11:06 Scout Tower
11:12 Castle
11:16 Scout Tower
11:17 Guard Tower
11:25 Guard Tower
11:27 Scout Tower
11:30 Scout Tower
11:35 Scout Tower
11:38 Lumber Mill
11:41 Scout Tower
11:45 Guard Tower
11:47 Scout Tower
11:50 Farm
11:53 Workshop
11:55 Workshop
12:01 Guard Tower
12:04 Scout Tower
12:10 Workshop
12:19 Arcane Sanctum
12:22 Arcane Tower
12:45 Lumber Mill
12:57 Farm
13:08 Arcane Vault
13:24 Workshop
13:39 Guard Tower
13:41 Scout Tower
13:51 Farm
14:38 Farm
14:58 Guard Tower
14:59 Scout Tower
15:01 Scout Tower
15:07 Guard Tower
16:08 Guard Tower
16:10 Scout Tower
16:13 Scout Tower
17:39 Guard Tower
17:40 Farm
18:21 Town Hall
19:43 Town Hall
20:26 Town Hall
20:36 Scout Tower
20:38 Scout Tower
20:39 Scout Tower
20:42 Scout Tower
20:43 Scout Tower
20:53 Scout Tower
21:06 Guard Tower
21:11 Scout Tower
21:12 Guard Tower
21:14 Scout Tower
21:19 Scout Tower
21:24 Guard Tower
21:26 Scout Tower
21:41 Guard Tower
21:43 Scout Tower
21:44 Scout Tower
21:46 Scout Tower
21:47 Guard Tower
21:52 Arcane Tower
21:59 Arcane Tower
22:03 Scout Tower
22:17 Arcane Tower
22:20 Scout Tower
22:21 Scout Tower
22:22 Scout Tower
22:38 Cannon Tower
22:40 Scout Tower
22:48 Cannon Tower
22:51 Cannon Tower
23:08 Lumber Mill
23:21 Cannon Tower
23:24 Scout Tower
23:27 Scout Tower
24:06 Guard Tower
24:09 Guard Tower
24:31 Scout Tower
26:12 Guard Tower
26:15 Scout Tower
27:07 Guard Tower
28:14 Town Hall
30:11 Town Hall
30:18 Barracks
30:57 Gryphon Aviary
31:01 Gryphon Aviary
31:27 Gryphon Aviary
32:03 Lumber Mill
36:57 Scout Tower
37:37 Guard Tower
40:28 Town Hall
40:54 Scout Tower
41:24 Scout Tower
41:54 Guard Tower
» items
| Lesser Clarity Potion | 3 | |
| Scroll of Regeneration | 8 | |
| Potion of Healing | 4 | |
| Scroll of Town Portal | 11 | |
| Orb of Fire | 1 | |
| Scroll of Protection | 1 | |
| Scroll of Healing | 1 | |
| Potion of Lesser Invulnerability | 2 | |
31 total
tomha (
orange | 36 APM | 1601 actions | 44:15)
4 Blademaster
1 Wind Walk
2 Mirror Image
1 Critical Strike
3 Shadow Hunter
2 Hex
1 Healing Wave
2 Tauren Chieftain
1 War Stomp
1 Shockwave
» actions
| Assign group hotkey | 47 | |
| Basic commands | 3 | |
| Build / train | 111 | |
| Enter build submenu | 36 | |
| Enter hero's abilities submenu | 9 | |
| Give item / drop item | 1 | |
| Right click | 761 | |
| Select / deselect | 515 | |
| Select group hotkey | 32 | |
| Use ability | 86 | |
1601 total
» units
| Peon | 22 | |
| Grunt | 4 | |
| Troll Batrider | 61 | |
87 total
» upgrades
| Spiked Barricades | 2 | |
| Liquid Fire | 1 | |
3 total
» buildings
| Altar of Storms | 1 | |
| Orc Burrow | 6 | |
| Voodoo Lounge | 1 | |
| Barracks | 1 | |
| War Mill | 1 | |
| Stronghold | 1 | |
| Watch Tower | 20 | |
| Fortress | 1 | |
| Beastiary | 3 | |
| Tauren Totem | 2 | |
37 total
» build order
00:13 Altar of Storms
00:20 Orc Burrow
00:52 Voodoo Lounge
01:16 Orc Burrow
01:26 Orc Burrow
01:54 Barracks
02:44 War Mill
04:18 Stronghold
04:42 Watch Tower
05:26 Watch Tower
05:33 Watch Tower
06:31 Watch Tower
07:03 Fortress
07:27 Orc Burrow
08:56 Orc Burrow
09:00 Beastiary
10:24 Beastiary
10:31 Watch Tower
11:50 Watch Tower
20:29 Watch Tower
20:32 Watch Tower
23:37 Beastiary
23:40 Watch Tower
24:53 Watch Tower
29:12 Tauren Totem
29:15 Tauren Totem
31:03 Orc Burrow
35:28 Watch Tower
36:52 Watch Tower
37:08 Watch Tower
38:22 Watch Tower
38:25 Watch Tower
38:49 Watch Tower
39:48 Watch Tower
39:51 Watch Tower
39:55 Watch Tower
41:01 Watch Tower
» items
| Healing Salve | 2 | |
| Lesser Clarity Potion | 1 | |
| Tiny Great Hall | 4 | |
7 total
Chat log
(02:49 / Allies) ud-warrior.: fo proteshion orange
(04:40 / Allies) ud-warrior.: we didn't kill one ghoul orange
(07:39 / Allies) ColonPounder: wood
(11:21 / Allies) ColonPounder: wood
(11:54 / Allies) ColonPounder: wood god damn
(13:59 / Allies) ColonPounder: tp
(15:19 / Allies) ColonPounder: wood
(25:08 / Allies) ColonPounder: tp
(25:56 / Allies) ud-warrior.: lets kill blue purple
(26:04 / Allies) ColonPounder: k
(26:11 / Allies) ColonPounder: nice copters btw, very good reaction to mass air
(26:15 / Allies) ud-warrior.: wrong way nigga
(31:30 / Allies) ud-warrior.: tp
(31:33 / Allies) ColonPounder: tp
(31:41 / All) ColonPounder: His colon was pounded too hard :(
(32:50 / Allies) ud-warrior.: hit red we can take him just focus sh
(32:55 / Allies) ud-warrior.: talking to u purple
(33:12 / Allies) ud-warrior.: hes goign after ur expo
(33:21 / Allies) ud-warrior.: i would recon
(33:38 / Allies) ColonPounder: no idea what they're doing
(33:41 / Allies) ColonPounder: massing up probably
(33:53 / Allies) ud-warrior.: give yellow wood
(34:08 / Allies) ud-warrior.: go after red uc an take him by urself purple
(34:09 / Allies) ColonPounder: there you go sir
(34:21 / Allies) ColonPounder: doing 1 more harass first
(35:02 / Allies) ud-warrior.: buy tp moron
(35:12 / Allies) ColonPounder: had no gold
(35:52 / Allies) ud-warrior.: go
(35:53 / Allies) ud-warrior.: purple
(36:41 / All) ColonPounder: A peasant for tons of fiends and a tp? I'll take it
(36:57 / Allies) tomha: ty
(37:06 / Allies) ud-warrior.: stay with yellow purple
(37:08 / Allies) ud-warrior.: lets go nigga
(37:19 / Allies) ud-warrior.: nvm
(38:31 / Allies) ud-warrior.: no
(39:45 / Allies) ColonPounder: should I harass some more or are we going to hit?
(39:55 / Allies) ud-warrior.: blue is by himself
(40:42 / Allies) ColonPounder: god damn unresponsive hero
(40:56 / Allies) ud-warrior.: what
(41:01 / Allies) ColonPounder: it's not doing anything
(41:01 / Allies) ColonPounder: wtf
(41:13 / Allies) ud-warrior.: give me control
(41:15 / Allies) ColonPounder: god damn I hate this glitch
(41:25 / Allies) ColonPounder: move it behind the mine if you can
(41:33 / Allies) ColonPounder: and flame strike
(41:34 / Allies) ColonPounder: ty
(42:03 / Allies) ud-warrior.: kill that nigga
(43:19 / All) ColonPounder: leave please, you lost
(43:32 / Allies) ud-warrior.: 400 gold
(43:54 / All) ColonPounder: ty, now the rest of you can leave
(44:12 / All) ColonPounder: and you can, too